 Dungeon Crawl Stone Soup version 0.18-a0-816-g97f838e (webtiles) character file.

232 endege the Sneak (level 5, 0/42 HPs)
             Began as a Demonspawn Assassin on Dec 14, 2015.
             Slain by an ogre
             ... wielding a +0 giant club
              (27 damage)
             ... on level 3 of the Dungeon on Dec 15, 2015.
             The game lasted 00:15:26 (2191 turns).

endege the Sneak (Demonspawn Assassin)              Turns: 2191, Time: 00:15:26

Health: 0/42       AC:  8    Str: 12    XL:     5   Next: 73%
Magic:  5/5        EV: 12    Int: 13    God:
Gold:   85         SH:  0    Dex: 13    Spells: 0 memorised, 4 levels left

rFire  . . .     SeeInvis .     u - +1 whip (freeze)
rCold  . . .     Clarity  .     h - +0 leather armour
rNeg   . . .     SustAt   .     (no shield)
rPois  .         Gourm    .     (no helmet)
rElec  .         Spirit   .     d - +0 cloak
rCorr  .         Dismiss  .     (no gloves)
rMut   .         Stasis   .     (no boots)
MR     .....                    (no amulet)
Stlth  +++.......               (no ring)
                                w - ring of wizardry

@: not resistant to hostile enchantments, fairly stealthy
A: rough black scales 1, demonic guardian 2, nightstalker 1
a: no special abilities


You were on level 3 of the Dungeon.
You were not hungry.

You visited 1 branch of the dungeon, and saw 3 of its levels.

You collected 85 gold pieces.

Inventory:

Hand Weapons
 a - a +2 dagger
 b - a +0 blowgun
 q - a +0 dagger
 u - a +1 whip of freezing (weapon)
Missiles
 e - 8 poisoned needles
 f - 2 curare-tipped needles
Armour
 c - a +0 robe
 d - a +0 cloak (worn)
 h - a +0 leather armour (worn)
 k - a +0 leather armour
Jewellery
 w - a ring of wizardry (left hand)
Scrolls
 j - 2 scrolls of identify {unknown}
 o - 2 scrolls of teleportation {unknown}
 p - a scroll of amnesia {unknown}
 r - a scroll of random uselessness {unknown}
 t - a scroll of recharging {unknown}
 v - a scroll of noise {unknown}
Potions
 i - 5 potions of curing {unknown}
 m - 2 potions of flight {unknown}
 z - a potion of experience {unknown}
 A - a potion of agility {unknown}
Comestibles
 g - 2 bread rations
 l - 2 meat rations
 n - 2 slices of pizza
 s - 14 chunks of flesh
 x - 3 fruits
 B - a beef jerky


   Skills:
 + Level 4.1 Fighting
 - Level 2.0 Short Blades
 - Level 2.0 Throwing
 - Level 0.1 Armour
 + Level 3.1 Dodging
 - Level 4.2 Stealth


You had 4 spell levels left.
You didn't know any spells.

Dungeon Overview and Level Annotations

Branches:
Dungeon (3/15)

Altars:
Elyvilon
Nemelex Xobeh


Innate Abilities, Weirdness & Mutations

You are partially covered in rough black scales (AC +4, Dex -1).
A demonic guardian rushes to your aid.
You are slightly more attuned to the shadows.


Message History

You hit the ogre. You freeze the ogre.
The ogre is moderately wounded.
The adder moves out of view.
The ogre closely misses you.
You hit the ogre. You freeze the ogre.
The ogre is heavily wounded.
The adder completely misses you. The ogre closely misses you.
You hit the ogre but do no damage.
The ogre is heavily wounded.
The adder closely misses you.
You hit the ogre. You freeze the ogre.
The ogre is severely wounded.
The adder misses you. The ogre misses you. The adder barely misses you.
You hit the ogre. You freeze the ogre.
The ogre is severely wounded.
The ogre hits you with a giant club! The adder closely misses you.
You hit the ogre. You freeze the ogre.
The ogre is almost dead.
The adder closely misses you. The ogre hits you with a giant club!!
Ouch! That really hurt!
You die...

..........#### #
)))..........##.#
...###.....#....
...# #.##....##
##.# #.##.>...#
###
#.##.....#######
#.##.#.........##
#.#..#....4.....#
..#.###..##@##..#
.. #..#O#S# #.#
#..#. .# .. #..#.
.# ##.## ## #..
##


You could see an ogre, an adder and a friendly sixfirhy.

Vanquished Creatures
  A phantom (D:3)
  4 adders
  2 gnolls (D:2)
  Natasha (D:3)
  3 oozes
  A worm (D:2)
  2 giant geckos (D:2)
  3 orcs (D:3)
  A ball python (D:1)
  6 bats
  5 hobgoblins
  4 jackals
  7 kobolds
  3 giant cockroaches
  2 giant newts
  8 goblins
  3 rats
56 creatures vanquished.

Vanquished Creatures (collateral kills)
  Natasha (D:3)
  A gnoll (D:2)
2 creatures vanquished.

Grand Total: 58 creatures vanquished

Notes
Turn   | Place    | Note
--------------------------------------------------------------
     0 | D:1      | endege the Demonspawn Assassin began the quest for the Orb.
     0 | D:1      | Reached XP level 1. HP: 16/16 MP: 1/1
   118 | D:1      | Reached skill level 4 in Stealth
   127 | D:1      | Gained mutation: You are slightly more attuned to the shadows. [demonic ancestry]
   127 | D:1      | Reached XP level 2. HP: 16/22 MP: 2/2
   183 | D:1      | Reached skill level 1 in Dodging
   609 | D:1      | Gained mutation: A weak demonic guardian rushes to your aid. [demonic ancestry]
   609 | D:1      | Reached XP level 3. HP: 25/27 MP: 3/3
   954 | D:2      | Found a white marble altar of Elyvilon.
  1291 | D:2      | Found a sparkling altar of Nemelex Xobeh.
  1520 | D:2      | Gained mutation: You are partially covered in rough black scales (AC +4, Dex -1). [demonic ancestry]
  1520 | D:2      | Reached XP level 4. HP: 32/34 MP: 4/4
  1800 | D:2      | Upgraded the game from 0.18-a0-801-gb01a236 to 0.18-a0-816-g97f838e
  1811 | D:3      | Noticed a phantom
  1814 | D:3      | Noticed Natasha
  1820 | D:3      | Killed Natasha
  1857 | D:3      | Killed a phantom
  1857 | D:3      | Gained mutation: A demonic guardian rushes to your aid. [demonic ancestry]
  1857 | D:3      | Reached XP level 5. HP: 23/42 MP: 5/5
  2170 | D:3      | Noticed Natasha
  2176 | D:3      | Killed Natasha
  2183 | D:3      | Noticed an ogre
  2191 | D:3      | Slain by an ogre

Vault maps used:
D:1:      eino_arrival_water_cross
D:2:      elyvilon_altar_3, grunt_ministairs_14, hangedman_abyss_or_decor_stabs,
          nemelex_spade_bored_becter
D:3:      minmay_distorted, uniq_natasha

Action                   |  1- 3 |  4- 6 || total
-------------------------+-------+-------++-------
Melee: Dagger            |    79 |       ||    79
       Whip              |    32 |    98 ||   130
Throw: Tomahawk          |     1 |     5 ||     6
  Use: Potion            |       |     2 ||     2
 Stab: Sleeping          |     6 |     1 ||     7
       Distracted        |     1 |     3 ||     4
  Eat: Chunk             |     1 |     1 ||     2
       Royal jelly       |     1 |       ||     1
